 Dungeon Crawl Stone Soup version 0.28.0-53-g5a82cb258f (webtiles) character file.

Game seed: 6122048342412969475

94010 MiltankisOP the Warrior (level 15, -2/134 HPs)
             Began as a Demonspawn Abyssal Knight on June 20, 2022.
             Was the Champion of Lugonu.
             Shot with a bolt by a yaktaur (30 damage)
             ... on level 15 of the Dungeon.
             The game lasted 01:34:52 (30871 turns).

MiltankisOP the Warrior (DsAK)                     Turns: 30871, Time: 01:34:54

Health: -2/134     AC: 11    Str: 26    XL:     15   Next: 62%
Magic:  26/26      EV: 16    Int: 12    God:    Lugonu [******]
Gold:   939        SH:  5    Dex: 14    Spells: 14/14 levels left

rFire   . . .      SeeInvis .   S - +2 great sword
rCold   . . .      Faith    .   (shield currently unavailable)
rNeg    . . .      Spirit   .   O - +0 troll leather armour
rPois   .          Reflect  +   (no helmet)
rElec   .          Harm     .   B - +0 cloak
rCorr   .          Rampage  .   (no gloves)
Will    ++...                   s - +1 pair of boots
Stlth   +.........              j - amulet of reflection
HPRegen 1.12/turn               L - ring of willpower
MPRegen 0.20/turn               m - +6 ring of strength

@: about to teleport, studying Long Blades
A: hooves 2, thin metallic scales 1, demonic guardian 3, spiny 1
a: Renounce Religion, Depart the Abyss, Bend Space, Banish, Corrupt, Enter the
Abyss, Brand Weapon With Distortion


You were on level 15 of the Dungeon.
You worshipped Lugonu.
Lugonu was exalted by your worship.
You visited 3 branches of the dungeon, and saw 23 of its levels.
You visited the Abyss 1 time.
You also visited: Ossuary.

You collected 2518 gold pieces.
You spent 1579 gold pieces at shops.

Inventory:

Hand Weapons
 R - a +5 vorpal trident
 S - a +2 great sword (weapon)
 T - a +4 short sword of freezing
Missiles
 e - 12 boomerangs (quivered)
 K - 7 throwing nets
Armour
 c - +0 fire dragon scales
 s - a +1 pair of boots (worn)
 B - a +0 cloak (worn)
 E - the +1 ring mail of Impatience {rF+ Will+ Dex+4}
   (You found it on level 2 of the Lair of Beasts)

   Dex:       It affects your dexterity (+4).
   rF:        It protects you from fire.
   Will:      It increases your willpower.
 O - a +0 troll leather armour (worn)
Jewellery
 j - an amulet of reflection (around neck)
 m - a +6 ring of strength (right hand)
 v - a ring of protection from cold
 G - an amulet of guardian spirit
 L - a ring of willpower (left hand)
 P - the macabre finger necklace {rN+}
   (You found it on level 14 of the Dungeon)

   [amulet of nothing]

   It enables you to equip an extra ring.
   rN:        It protects you from negative energy.
 Q - a ring of resist corrosion
 U - the ring of Wonder {rC+ Int+5}
   (You found it on level 14 of the Dungeon)

   [ring of protection from cold]

   Int:       It affects your intelligence (+5).
   rC:        It protects you from cold.
Wands
 d - a wand of digging (26)
 p - a wand of mindburst (3)
 y - a wand of iceblast (5)
 J - a wand of flame (18)
 V - a wand of acid (11)
 X - a wand of polymorph (5)
 Y - a wand of paralysis (6)
Scrolls
 f - a scroll of immolation
 h - 3 scrolls of fog {unknown}
 i - 9 scrolls of vulnerability
 k - 3 scrolls of blinking {unknown}
 q - 4 scrolls of amnesia {unknown}
 r - 2 scrolls of summoning {unknown}
 t - 6 scrolls of enchant weapon
 x - 5 scrolls of fear
 A - 6 scrolls of magic mapping
 C - 3 scrolls of enchant armour {unknown}
 H - 3 scrolls of silence
 M - a scroll of brand weapon
 N - 2 scrolls of identify
 Z - 2 scrolls of torment {unknown}
Potions
 a - 2 potions of invisibility
 g - 4 potions of haste
 l - 4 potions of might
 n - 3 potions of brilliance
 o - 5 potions of curing
 w - 5 potions of mutation
 z - 3 potions of flight
 D - 2 potions of magic
 F - a potion of cancellation
 I - 2 potions of lignification
 W - 2 potions of resistance


   Skills:
 - Level 17.2 Fighting
 - Level 13.3 Long Blades
 - Level 10.2 Armour
 - Level 10.2 Dodging
 + Level 15.9 Invocations


You had 14 spell levels left.
You didn't know any spells.
Your spell library contained the following spells:

 Spells                   Type           Power      Damage    Failure   Level
 Animate Skeleton         Necr           0%         N/A       36%         1
 Apportation              Tloc           0%         N/A       36%         1
 Foxfire                  Conj/Fire      0%         2x1d4     36%         1
 Summon Small Mammal      Summ           0%         N/A       36%         1
 Corpse Rot               Necr/Air       0%         N/A       50%         2
 Poisonous Vapours        Pois/Air       0%         N/A       50%         2
 Call Canine Familiar     Summ           0%         N/A       73%         3
 Conjure Flame            Conj/Fire      0%         6-21      73%         3
 Frozen Ramparts          Ice            0%         1d2       73%         3
 Inner Flame              Hex/Fire       0%         N/A       73%         3
 Portal Projectile        Hex/Tloc       0%         N/A       73%         3
 Flame Wave               Conj/Fire      0%         2d4       98%         4
 Ice Form                 Ice/Tmut       0%         N/A       98%         4
 Leda's Liquefaction      Hex/Erth       0%         N/A       98%         4
 Passage of Golubria      Tloc           0%         N/A       98%         4
 Petrify                  Tmut/Erth      0%         N/A       98%         4
 Summon Ice Beast         Ice/Summ       0%         N/A       98%         4
 Blade Hands              Tmut           0%         N/A       100%        5
 Excruciating Wounds      Necr           0%         N/A       100%        5
 Metabolic Englaciation   Hex/Ice        0%         N/A       100%        5
 Silence                  Hex/Air        0%         N/A       100%        5
 Statue Form              Tmut/Erth      0%         N/A       100%        6
 Malign Gateway           Summ/Tloc      0%         N/A       100%        7
 Lehudib's Crystal Spear  Conj/Erth      0%         10d2      100%        8
 Summon Horrible Things   Summ           0%         N/A       100%        8


Dungeon Overview and Level Annotations

Branches:
Dungeon (15/15)              Lair (6/6) D:11          Swamp (0/4) Lair:3
 Spider (0/4) Lair:4        Slime (0/5) Lair:6          Orc (2/2) D:11
    Elf (0/3) Orc:2        Vaults (0/5) D:14         Depths (0/4) D:15
Ossuary (visited)
 Temple: D:4-7

Altars:
Ashenzari
Dithmenos
Fedhas
Kikubaaqudgha
Makhleb
Nemelex Xobeh
Ru
Trog
Wu Jian
Yredelemnul
Zin
Beogh

Shops:
D:10 :*   Orc:1 *   Orc:2 *(!=(:

Portals:
Trove: D:13 (show abyssal rune of Zot)

Annotations:
Orc:1 corrupted
Abyss:1 Fannar, Rupert


Innate Abilities, Weirdness & Mutations

You have hoof-like feet.
You are partially covered in thin metallic scales. (AC +2)
A powerful demonic guardian rushes to your aid.
You are partially covered in sharp spines.


Message History

You feel much better.
The yaktaur shoots a bolt.
The bolt hits your reaper! What are your orders? t - Shout!
Orders for allies: a - Attack new target. r - Retreat! s - Stop attacking. g - Guard the area. f - Follow me.
Anything else - Cancel.
Gang up on whom?
Press: ? - help, Dir - move target, f - yaktaur
Aim: a yaktaur, wielding a +0 arbalest and quivering bolts Attack!
The centaur warrior shoots an arrow.
The arrow misses you.
A yaktaur comes into view.
The centaur shoots an arrow.
The arrow hits your reaper but does no damage.
The yaktaur moves out of view.
The centaur warrior shoots an arrow.
The arrow completely misses you.
The centaur warrior shoots an arrow.
The arrow hits you but does no damage.
The centaur shoots an arrow.
The arrow barely misses your reaper. The arrow hits you.
The centaur warrior shoots an arrow.
The arrow hits you!
* * * LOW HITPOINT WARNING * * *
The red ugly thing gurgles horribly! x2; You hear a horrible gurgling sound! x4
The centaur shoots an arrow.
The arrow hits your reaper but does no damage.
The centaur warrior shoots an arrow.
The arrow misses you.
The centaur shoots an arrow.
The arrow hits your reaper but does no damage.
The red ugly thing gurgles horribly!
The brown ugly thing gurgles horribly!
The cyan ugly thing gurgles horribly! x2
The centaur shoots an arrow.
The arrow hits your reaper but does no damage.
The red ugly thing basks in the mutagenic energy from its kin and changes!
As you read the scroll of teleportation, it crumbles to dust.
You feel strangely unstable.
The centaur shoots an arrow.
The arrow barely misses your reaper. The arrow hits you!
* * * LOW HITPOINT WARNING * * *
The arrow hits your reaper.
The yaktaur shoots a bolt.
The bolt hits your reaper.
The yaktaur wields a +0 arbalest.
The yaktaur shoots a bolt.
The bolt barely misses your reaper. The bolt hits you!!
You die...

#......u#.#####
#...u.........#
#...u.........#
#uuu.............
#u..u............
#.u.....#uu.##...
#.......#u.!# ...
+ #.......#...#
.. #.
#...@...#...# #.
##+###2......## #
#.............+ .
#............# .
#............#
....
#.....)......#
.....
#...##c....c.##
.....
#...##..c.c....
.....
#c.............
.....


You could see 8 ugly things, 3 yaktaurs, a centaur and a friendly reaper
(summoned).

Vanquished Creatures
  Snorg (Lair:4)
  A fire dragon (Lair:6)
  A boulder beetle (D:14)
  6 hydras
  A catoblepas (Lair:3)
  A centaur warrior (D:15)
  3 death yaks
  2 two-headed ogres
  Urug (Lair:2)
  Sonja (D:13)
  A skeletal warrior (D:13)
  An orb spider (Lair:4)
  A lindwurm (Lair:6)
  2 wizards (D:14)
  6 ugly things
  An orc knight (Orc:2)
  2 deep elf pyromancers (D:12)
  5 oklob plants (Lair:6)
  10 orc sorcerers
  8 elephants
  4 cyclopes
  A molten gargoyle (Lair:6)
  11 black mambas
  10 cane toads
  A torpor snail (Lair:6)
  A gargoyle (D:12)
  3 kobold demonologists (D:9)
  12 komodo dragons
  A meliai (D:15)
  A tyrant leech (Lair:3)
  2 trolls
  19 blink frogs
  A hornet (D:8)
  9 slime creatures
  4 dream sheep (Lair:6)
  A shadow (D:10)
  45 yaks
  A spriggan (shapeshifter) (D:14)
  Sigmund (D:6)
  A vampire (D:13)
  2 wraiths
  6 wyverns
  6 basilisks
  16 humans (D:14)
  6 vampire mosquitoes (D:11)
  A steam dragon (D:9)
  An acid dragon (D:10)
  4 wargs (Orc:2)
  15 water moccasins
  4 hell hounds (Lair:6)
  3 ice beasts
  16 orc warriors
  A hornet zombie (D:9)
  3 ogres
  5 sky beasts
  A necrophage (D:6)
  15 wolves
  12 centaurs
  A phantom (D:7)
  10 bullfrogs
  7 kobold brigands
  A wyvern zombie (D:7)
  4 gnoll sergeants
  4 scorpions
  A wyvern skeleton (D:6)
  A water moccasin skeleton (D:5)
  2 wights (D:10)
  A killer bee (D:7)
  A howler monkey (D:5)
  5 lava snakes (Lair:6)
  11 centaur zombies
  A bullfrog zombie (D:5)
  2 hounds
  2 jellies
  2 human zombies
  3 gnoll shamans
  11 orc priests
  A bullfrog skeleton (D:6)
  A centaur skeleton (D:7)
  An iguana (D:7)
  37 orc wizards
  Ijyb (D:5)
  5 mummies
  4 howler monkey zombies
  8 adders
  39 gnolls
  A howler monkey skeleton (D:7)
  2 shadow imps
  2 white imps
  2 ufetubi
  An adder skeleton (D:4)
  A worm (D:2)
  A dart slug (D:5)
  60 orcs
  5 endoplasms
  2 giant cockroaches
  5 hobgoblins
  2 jackals (D:2)
  A quokka (D:1)
  6 ball pythons
  7 bats
  A frilled lizard (D:3)
  13 goblins
  3 goblin zombies
  4 hobgoblin zombies
  23 kobolds
  A kobold zombie (Ossuary)
  5 rats
616 creatures vanquished.

Vanquished Creatures (collateral kills)
  Nessos (D:14)
  2 hydras
  2 vault guards (D:14)
  A centaur warrior (D:15)
  2 death yaks (Lair:6)
  A slime creature (D:12)
  A lindwurm (Lair:6)
  An orc knight (D:14)
  A necromancer (D:14)
  4 ugly things
  2 black mambas (Lair:3)
  A cane toad (Lair:6)
  A yaktaur (D:14)
  A freezing wraith (D:13)
  2 meliai (D:15)
  2 polar bears
  9 blink frogs
  10 yaks
  A wyvern (D:7)
  3 basilisks
  2 humans (D:14)
  A vampire mosquito (D:11)
  A steam dragon (Lair:6)
  4 water moccasins
  A hell hound (Lair:6)
  An orc warrior (D:8)
  2 ogres
  A centaur (D:7)
  A bullfrog (Lair:3)
  A hound (D:5)
  An orc wizard (D:10)
  4 gnolls
68 creatures vanquished.

Vanquished Creatures (others)
  Jorgrun (Orc:1)
  An orc warrior (Orc:1)
  2 orc priests (Orc:1)
  4 orc wizards
  2 orcs (Orc:1)
  28 fungi
  29 plants
67 creatures vanquished.

Grand Total: 751 creatures vanquished

Notes
Turn   | Place    | Note
-------+----------+-------------------------------------------
     0 | Abyss:1  | MiltankisOP the Demonspawn Abyssal Knight began the quest
                  | for the Orb.
     0 | Abyss:1  | Reached XP level 1. HP: 18/18 MP: 2/2
    96 | Abyss:1  | Noticed a worldbinder
    97 | D:1      | Escaped the Abyss
   487 | D:1      | Reached * piety under Lugonu
   515 | D:1      | Gained mutation: You are partially covered in sharp spines.
                  | [demonic ancestry]
   515 | D:1      | Reached XP level 2. HP: 24/24 MP: 4/4
  1171 | D:2      | Gained mutation: You are partially covered in thin metallic
                  | scales. (AC +2) [demonic ancestry]
  1171 | D:2      | Reached XP level 3. HP: 27/29 MP: 5/5
  1780 | D:2      | Gained mutation: A weak demonic guardian rushes to your
                  | aid. [demonic ancestry]
  1780 | D:2      | Reached XP level 4. HP: 35/35 MP: 7/7
  2069 | D:3      | Found an ornate altar of the Wu Jian Council.
  2100 | D:3      | Noticed a kobold brigand
  2120 | D:3      | Killed a kobold brigand
  2121 | D:3      | Reached skill level 5 in Invocations
  2121 | D:3      | Gained mutation: You have large cloven feet. [demonic
                  | ancestry]
  2121 | D:3      | Reached XP level 5. HP: 26/41 MP: 7/9
  2401 | D:3      | Found a basalt altar of Yredelemnul.
  2546 | D:3      | Reached ** piety under Lugonu
  2586 | D:4      | Found a bloodstained altar of Trog.
  2644 | D:4      | Gained mutation: You have hoof-like feet. [demonic
                  | ancestry]
  2644 | D:4      | Reached XP level 6. HP: 39/47 MP: 10/10
  3374 | D:4      | Found a sacrificial altar of Ru.
  3527 | D:4      | Reached skill level 1 in Dodging
  3699 | D:4      | Noticed a sky beast
  3752 | D:4      | Gained mutation: A demonic guardian rushes to your aid.
                  | [demonic ancestry]
  3752 | D:4      | Reached XP level 7. HP: 43/52 MP: 12/12
  4238 | D:5      | Entered Level 5 of the Dungeon
  4714 | D:5      | Reached XP level 8. HP: 47/58 MP: 13/13
  5241 | D:5      | Noticed Ijyb
  5249 | D:5      | Killed Ijyb
  5540 | D:6      | Noticed Sigmund
  5565 | D:6      | Reached skill level 5 in Armour
  5581 | D:6      | Killed Sigmund
  5582 | D:6      | Reached skill level 5 in Dodging
  5704 | D:6      | Found a sand-covered staircase.
  5713 | Ossuary  | Entered an ossuary
  5827 | Ossuary  | Reached *** piety under Lugonu
  6623 | D:6      | Reached XP level 9. HP: 53/63 MP: 10/14
  7401 | D:6      | Found a broken altar of Ashenzari.
  7407 | D:6      | Found a burning altar of Makhleb.
  7903 | D:7      | Noticed a gargoyle
  7928 | D:7      | Banished a gargoyle
  8760 | D:7      | Reached XP level 10. HP: 64/70 MP: 13/15
  9072 | D:7      | Reached **** piety under Lugonu
  9842 | D:8      | Found a shadowy altar of Dithmenos.
 10491 | D:9      | Paralysed by a hornet for 1 turns
 10500 | D:8      | Reached skill level 5 in Long Blades
 11441 | D:9      | Noticed a smoke demon
 11453 | D:9      | HP: 1/70 [red devil/+0 trident[a kobold demonologist] (10)]
 11456 | D:9      | Reached skill level 10 in Invocations
 12421 | D:10     | Entered Level 10 of the Dungeon
 12602 | D:10     | Reached XP level 11. HP: 75/75 MP: 19/19
 12647 | D:10     | Found Cypreh's General Store.
 12941 | D:10     | Reached skill level 4 in Fighting
 13157 | D:10     | Found an ancient bone altar of Kikubaaqudgha.
 13231 | D:10     | Reached skill level 5 in Fighting
 13309 | D:10     | Found Peeleafo's Book Shoppe.
 13549 | D:10     | Found a sparkling altar of Nemelex Xobeh.
 13670 | D:10     | Found a blossoming altar of Fedhas.
 13761 | D:11     | Noticed a boulder beetle
 13768 | D:11     | Reached ***** piety under Lugonu
 13774 | D:11     | HP: 2/80 [boulder beetle (17)]
 14023 | D:11     | Reached skill level 6 in Fighting
 14080 | D:11     | Found a staircase to the Lair.
 14103 | D:11     | Noticed a two-headed ogre
 14148 | D:11     | Killed a two-headed ogre
 14264 | D:11     | Reached skill level 7 in Fighting
 14423 | D:11     | Banished a boulder beetle
 14771 | D:11     | Found a staircase to the Orcish Mines.
 15387 | D:12     | Noticed a red ugly thing
 15393 | D:12     | Banished a red ugly thing
 15394 | D:12     | Reached skill level 8 in Fighting
 15394 | D:12     | Gained mutation: A powerful demonic guardian rushes to your
                  | aid. [demonic ancestry]
 15394 | D:12     | Reached XP level 12. HP: 92/92 MP: 15/20
 15922 | D:12     | Reached skill level 9 in Fighting
 16003 | D:12     | Noticed a four-headed hydra
 16012 | D:12     | Banished a four-headed hydra
 16125 | D:12     | You fall into a shaft and drop 2 floors!
 16238 | D:14     | Reached skill level 10 in Fighting
 16400 | D:14     | Reached skill level 11 in Fighting
 16510 | D:13     | Noticed a centaur warrior
 16517 | D:13     | Noticed Sonja
 16519 | D:13     | Banished a centaur warrior
 16521 | D:13     | Noticed a two-headed ogre
 16527 | D:13     | Banished a two-headed ogre
 16561 | D:13     | Killed Sonja
 16562 | D:13     | Reached skill level 12 in Fighting
 16869 | D:13     | Noticed a death knight
 16873 | D:13     | Banished a death knight
 16950 | D:13     | Found a portal to a secret trove of treasure.
 17139 | D:13     | Noticed Rupert
 17164 | D:13     | Paralysed by Rupert for 2 turns
 17180 | D:13     | Banished Rupert
 17181 | D:13     | Reached XP level 13. HP: 89/109 MP: 9/21
 17425 | D:12     | Reached skill level 13 in Fighting
 17737 | Lair:1   | Entered Level 1 of the Lair of Beasts
 18616 | Lair:2   | Noticed Urug
 18634 | Lair:2   | Killed Urug
 18808 | Lair:2   | Reached skill level 14 in Fighting
 19192 | Lair:2   | Identified the +1 ring mail of Impatience {rF+ Will+ Dex+4}
 20118 | Lair:3   | Reached skill level 15 in Fighting
 20437 | Lair:3   | Noticed Fannar
 20446 | Lair:3   | Banished Fannar
 20661 | Lair:3   | Found a staircase to the Swamp.
 21095 | Lair:3   | Reached skill level 16 in Fighting
 21215 | Lair:3   | Found the +8 whip "Snakebite" {venom, curare, rPois}
 21797 | Lair:4   | Found a hole to the Spider Nest.
 21882 | Lair:4   | Reached XP level 14. HP: 126/126 MP: 22/22
 21948 | Lair:4   | Noticed Snorg
 22413 | Lair:4   | Reached skill level 17 in Fighting
 23115 | Lair:4   | Killed Snorg
 23255 | D:10     | Bought a manual of Long Blades for 1280 gold pieces
 23522 | Lair:5   | Reached skill level 10 in Long Blades
 24392 | Lair:6   | Entered Level 6 of the Lair of Beasts
 24445 | Lair:6   | HP: 3/128 [yak (37)]
 24831 | Lair:6   | Reached ****** piety under Lugonu
 25539 | Lair:6   | Found a large runed translucent door.
 25630 | Lair:6   | Found a large runed translucent door.
 26270 | Lair:6   | Found a staircase to the Slime Pits.
 26582 | Lair:6   | Reached skill level 10 in Armour
 26582 | Lair:6   | Reached skill level 10 in Dodging
 26582 | Lair:6   | Reached XP level 15. HP: 125/134 MP: 23/23
 27109 | Orc:1    | Entered Level 1 of the Orcish Mines
 27138 | Orc:1    | Noticed Jorgrun
 27147 | Orc:1    | Corrupted Orc:1
 27147 | Orc:1    | Noticed a tentacled starspawn
 27147 | Orc:1    | Noticed a tentacled starspawn
 27147 | Orc:1    | Noticed a tentacled starspawn
 27150 | Orc:1    | Killed Jorgrun
 27253 | Orc:1    | Noticed a revenant
 27309 | Orc:2    | Entered Level 2 of the Orcish Mines
 27326 | Orc:2    | Found Geruibem's Book Boutique.
 27413 | Orc:2    | Found Wuydeilu's Antique Weapon Emporium.
 27838 | Orc:2    | Found a staircase to the Elven Halls.
 28046 | Orc:2    | Found Luorajeh's General Store.
 28163 | Orc:2    | Found Temineji's Distillery.
 28163 | Orc:2    | Found Sontatuc's Antique Weapon Shoppe.
 28199 | Orc:2    | Bought a potion of heal wounds for 65 gold pieces
 28199 | Orc:2    | Bought a potion of cancellation for 104 gold pieces
 28199 | Orc:2    | Bought a potion of haste for 130 gold pieces
 28278 | Orc:2    | Found Lofoxy's Jewellery Boutique.
 28278 | Orc:2    | Found Ciofucs's General Store.
 28726 | Orc:1    | Found Ukhlemyrph's General Store.
 29481 | D:14     | Found the macabre finger necklace {rN+}
 29671 | D:14     | Found a gate to the Vaults.
 29766 | D:14     | Identified the ring of Wonder {rC+ Int+5}
 29865 | D:14     | Noticed Nessos
 29872 | D:14     | Killed Nessos
 30212 | D:15     | Entered Level 15 of the Dungeon
 30396 | D:15     | Reached skill level 15 in Invocations
 30710 | D:15     | Found a staircase to the Depths.
 30710 | D:15     | Noticed a fire giant
 30730 | D:15     | Banished a fire giant
 30871 | D:15     | Shot with a bolt by a yaktaur

Illustrated notes

Levels and vault maps discovered:
D:1:      tarquinn_simple_flora_water_d, layout_basic, minmay_indecisive_spiral
D:2:      layout_rooms, columned_hall_lemuel, kennysheep_another_room
D:3:      layout_rooms, old_standard_altar, mainiacjoe_overflow_catwalk,
          serial_glass, glass_columns_a, glass_columns_a, glass_columns_a,
          glass_columns_a, glass_columns_b, glass_columns_c,
          chequers_mini_garden, corexii_item_surrounded_by_moat
D:4:      layout_basic, lemuel_round_altar, mainiacjoe_overflow_six_doors_small,
          minmay_temple_entry_from_below_b, serial_rivers,
          chequers_serial_rivers_large_b, chequers_serial_rivers_micro_b,
          chequers_serial_rivers_micro_a, chequers_serial_rivers_small_3,
          chequers_serial_rivers_small_3
D:5:      layout_basic, uniq_ijyb
D:6:      layout_cave_pods, mainiacjoe_overflow_catwalk_spiral,
          mainiacjoe_overflow_alcove_1, serial_column_ruins,
          column_ruins_hut_ruined, column_ruins_open_medium,
          column_ruins_columns_straight, column_ruins_open_tiny_water,
          column_ruins_open_tiny, nicolae_ossuary_entry_giza, uniq_sigmund
D:7:      layout_basic, enter_bailey_3, minmay_chambers_of_fives
D:8:      layout_basic, nicolae_dithmenos_through_a_glass_darkly,
          lemuel_flamethrower_1
D:9:      layout_loops_ring
D:10:     layout_stronghold, lemuel_coloured_pillars_altar,
          lemuel_mausoleum_altar_kikubaaqudgha, nemelex_diamond_rough_becter,
          serial_shops, shop, nicolae_shop_competitors_out_of_business
D:11:     layout_cave_pods, lair_entry_dummy, david_orc_4,
          hangedman_decor_lopped
D:12:     layout_roguey, kennysheep_donut
D:13:     layout_basic, enter_trove_6, uniq_rupert, uniq_sonja
D:14:     layout_loops_ring, grunt_vaults_entry_tiered,
          hangedman_abyss_or_decor_lesser_grid, eino_tiny_chamber, uniq_nessos
D:15:     grunt_enter_depths_giant_problem, layout_basic, onia_ninara_cookie
Lair:1:   layout_regular_city, grunt_megastairs_4
Lair:2:   layout_regular_city, lemuel_fruit_tree, serial_bayou_shore_b,
          grunt_megastairs_3, serial_bayou_shore_a, uniq_urug
Lair:3:   minmay_guarded_unrand_snakebite, layout_layer_cave,
          minmay_swamp_entry_worms, uniq_fannar
Lair:4:   layout_small_grid, nicolae_spider_entry_orb_guardian,
          nicolae_lair_yak_garden, uniq_snorg
Lair:5:   layout_hall_layers, serial_bayou_shore_b
Lair:6:   cheibrodos_lair_end_hotspot, layout_gridlike,
          minmay_slime_entry_oklob_open, grunt_megastairs_1
Orc:1:    layout_caves, serial_shops, shop, uniq_jorgrun
Orc:2:    st_orc_town, layout_caves, serial_shops, nicolae_shop_behind_doors,
          shop, nicolae_shop_stone, basic_altar

Skill      XL: |  1  2  3  4  5  6  7  8  9 10 11 12 13 14 15 |
---------------+----------------------------------------------+-----
Long Blades    | 2 3 4 5 8 9 13 | 13.3
Invocations    | 3 4 5 6 7 11 15 | 15.9
Dodging        | 1 3 6 8 9 10 | 10.2
Armour         | 2 4 6 8 9 10 | 10.2
Fighting       | 8 12 16 17 | 17.2

Action                   |  1- 3 |  4- 6 |  7- 9 | 10-12 | 13-15 || total
-------------------------+-------+-------+-------+-------+-------++-------
Melee: Falchion          |    81 |    99 |   382 |   331 |       ||   893
       Punch             |       |       |     6 |    12 |     2 ||    20
       Great sword       |       |       |       |   305 |   872 ||  1177
       Short sword       |       |       |       |       |   143 ||   143
Throw: Boomerang         |       |       |       |       |    38 ||    38
Invok: Depart the Abyss  |     1 |       |       |       |       ||     1
       Banish            |       |       |     1 |    11 |     8 ||    20
       Corrupt           |       |       |       |       |     1 ||     1
Evoke: Wand              |       |       |     2 |    17 |    30 ||    49
  Use: Scroll            |       |       |     9 |     7 |    12 ||    28
       Potion            |       |       |     2 |     9 |     7 ||    18
 Stab: Sleeping          |     1 |       |       |     1 |       ||     2
       Distracted        |       |       |       |     1 |       ||     1
Armor: Leather armour    |    19 |       |       |       |       ||    19
       Chain mail        |    14 |    58 |   236 |   127 |       ||   435
       Troll leather arm |       |       |       |   163 |   330 ||   493
Dodge: Dodged            |    35 |    37 |   177 |   483 |   791 ||  1523
Block: Other             |       |       |       |       |   252 ||   252
       Reflection        |       |       |       |       |     8 ||     8
